 Dungeon Crawl Stone Soup version 0.29-a0-995-g8a7feb118f (webtiles) character file.

Game seed: 14656054144468406519

114 M4edhros the Ducker (level 4, 0/28 HPs)
             Began as an Octopode Artificer on Aug 4, 2022.
             Succumbed to a kobold's poison
             ... on level 4 of the Dungeon.
             The game lasted 00:03:57 (646 turns).

M4edhros the Ducker (Octopode Artificer)             Turns: 646, Time: 00:03:57

Health: 0/28       AC:  3    Str: 17    XL:     4   Next: 97%
Magic:  13/13      EV: 15    Int: 13    God:
Gold:   65         SH:  0    Dex: 14    Spells: 3/3 levels left

rFire   . . .      SeeInvis .   a - +0 club
rCold   . . .      Faith    .   (no shield)
rNeg    . . .      Spirit   .   (helmet restricted)
rPois   .          Reflect  .   (no amulet)
rElec   .          Harm     .   i - +6 ring of strength
rCorr   .          Rampage  .   l - ring of magical power
Will    .....                   (no ring)
Stlth   +++.......              (no ring)
HPRegen 0.09/turn               (no ring)
MPRegen 0.13/turn               (no ring)
                                (no ring)
                                (no ring)

@: mighty, lethally poisoned (0 -> -3), hasted, very quick
A: almost no armour, amphibious, 8 rings, camouflage 1, gelatinous body 1,
(nimble swimmer 1), tentacles, iridescent scales 1
a: no special abilities


You were on level 4 of the Dungeon.
You visited 1 branch of the dungeon, and saw 4 of its levels.

You collected 65 gold pieces.

Inventory:

Hand Weapons
 a - a +0 club (weapon)
Missiles
 f - a throwing net
 h - 5 poisoned darts
 j - 11 stones
Jewellery
 i - a +6 ring of strength (left tentacle)
 l - a ring of magical power (right tentacle)
Wands
 b - a wand of flame (5) (quivered)
 c - a wand of charming (15)
 d - a wand of iceblast (9)
Scrolls
 e - a scroll of identify {unknown}
 m - a scroll of summoning {unknown}
Potions
 n - a potion of might


   Skills:
 - Level 1.0 Fighting
 + Level 5.1 Dodging
 - Level 1.3 Stealth
 - Level 3.2 Evocations


You had 3 spell levels left.
You didn't know any spells.
Your spell library was empty.

Dungeon Overview and Level Annotations

Branches:
Dungeon (4/15)
 Temple: D:4-7

Altars:


Innate Abilities, Weirdness & Mutations

You cannot wear most types of armour.
You are amphibious.
You can wear up to eight rings at the same time.
Your skin changes colour to match your surroundings (Stealth+).
Your rubbery body absorbs attacks. (AC +1, EV +1)
((You are camouflaged when in or above water. (Stealth+)))
You have tentacles for arms and can constrict up to eight enemies at once.
You are partially covered in iridescent scales. (AC +2)


Message History

A kobold comes into view.
It is wielding a +0 whip and quivering poisoned darts.
The kobold shouts!
You hit the orc but do no damage.
The orc is moderately wounded.
You constrict the orc.
You hear a shout!
The orc hits you with a +0 club.
You hit the orc.
You kill the orc!
The kobold throws a poisoned dart.
The poisoned dart barely misses you.
The kobold throws a poisoned dart.
The poisoned dart hits you!
You are poisoned.
You feel sick.
You feel sick.
The kobold throws a poisoned dart.
The poisoned dart hits you!
You are lethally poisoned!
You feel very sick. The kobold barely misses you.
You hit the kobold.
You kill the kobold!
* * * LOW HITPOINT WARNING * * *
You feel very sick.
It was a potion of might.
You feel very mighty all of a sudden.
* * * LOW HITPOINT WARNING * * *
You feel sick.
It was a potion of haste.
You feel yourself speed up.
* * * LOW HITPOINT WARNING * * *
You feel sick.
It was a potion of mutation.
You feel extremely strange.
Iridescent scales grow over part of your body.
* * * LOW HITPOINT WARNING * * *
You feel sick.
Okay, then.
* * * LOW HITPOINT WARNING * * *
You feel sick.
* * * LOW HITPOINT WARNING * * *
You feel sick.
* * * LOW HITPOINT WARNING * * *
You feel sick.
You die...

##.)...K..
#.#.###.###.
#.#.# .#
#.#.###)#
#.##...# #.###..#
#......####
#.##......# .
#.@...###.#[ ...
#.##.####.#..####
...
#.#..........#
####
#.#.##.#..##.##
#.#.##.#......
#............###
####.##.#.##.....
#.......#......##
#.##.#..####†#.##


There were no monsters in sight!

Vanquished Creatures
  A necrophage (D:4)
  2 adders (D:2)
  A worm (D:2)
  An orc (D:4)
  4 bats
  An endoplasm (D:2)
  A giant cockroach (D:4)
  3 goblins
  3 hobgoblins
  4 quokkas
  3 ball pythons
  2 frilled lizards (D:2)
  4 kobolds
30 creatures vanquished.

Vanquished Creatures (others)
  A withered plant (D:3)
1 creature vanquished.

Grand Total: 31 creatures vanquished

Notes
Turn   | Place    | Note
-------+----------+-------------------------------------------
     0 | D:1      | M4edhros the Octopode Artificer began the quest for the
                  | Orb.
     0 | D:1      | Reached XP level 1. HP: 13/13 MP: 1/1
   216 | D:2      | Reached skill level 3 in Dodging
   216 | D:2      | Reached XP level 2. HP: 8/18 MP: 2/2
   346 | D:2      | Reached XP level 3. HP: 15/23 MP: 3/3
   408 | D:2      | Found a faded altar of an unknown god.
   423 | D:2      | Reached skill level 4 in Dodging
   574 | D:4      | Noticed a necrophage
   583 | D:4      | Killed a necrophage
   584 | D:4      | Reached skill level 5 in Dodging
   584 | D:4      | Reached XP level 4. HP: 16/28 MP: 4/4
   641 | D:4      | Gained mutation: You are partially covered in iridescent
                  | scales. (AC +2) [potion of mutation]
   645 | D:4      | HP: 1/28 [poisoned by a kobold]
   646 | D:4      | Succumbed to a kobold's poison

Illustrated notes

Levels and vault maps discovered:
D:1:      evilmike_arrival_crescent, layout_basic
D:2:      layout_basic, shapermc_ecumenical_altar_acropolis
D:3:      layout_loops_cross, serial_undead, serial_undead_f, serial_undead_f,
          serial_undead_d, serial_undead_f, serial_undead_d, serial_undead_e,
          serial_undead_c, serial_undead_e, minivault_25, minivault_11,
          kennysheep_generic_room_12
D:4:      layout_loops_cross, gup_sewer_entry_pipe, minmay_ruined_shrine

Skill      XL: |  1  2  3 |
---------------+----------+-----
Dodging        | 3 5 |  5.1
Fighting       | |  1.0
Stealth        | |  1.3
Evocations     | |  3.2

Action                   |  1- 3 |  4- 6 || total
-------------------------+-------+-------++-------
Melee: Club              |    58 |     4 ||    62
       Constrict         |    21 |     1 ||    22
       Tentacles         |    15 |       ||    15
       Punch             |     3 |       ||     3
Evoke: Wand              |    10 |       ||    10
  Use: Potion            |       |     3 ||     3
 Stab: Sleeping          |     4 |       ||     4
Armor: Skin              |    10 |       ||    10
Dodge: Dodged            |    53 |     4 ||    57

Table legend: (Time is in decaauts)
 A = Elapsed time spent in this place.
 B = Non-inter-level travel time spent in this place.
 C = Inter-level travel time spent in this place.
 D = Time resting spent in this place.
 E = Time spent auto-exploring this place.
 F = Levels seen in this place.
 G = Mean time per level.
                   A        B        C        D        E       F      G
               +--------+--------+--------+--------+--------+-----+--------+
         Total |    662 |    662 |      0 |      0 |     22 |   4 |  165.5 |
       Dungeon |    662 |    662 |      0 |      0 |     22 |   4 |  165.5 |
               +--------+--------+--------+--------+--------+-----+--------+

Top non-repeatable levels by time:
     D:2: 322 daAuts
     D:1: 177 daAuts
     D:4: 140 daAuts
     D:3: 22 daAuts
